Map: New Gettysburg LE

Players

Fropez - Winner!

  • Race: Protoss Protoss
  • League: Gold
  • Spawn Location: 7:00

Rabble

  • Race: Zerg Zerg
  • League: Gold
  • Spawn Location: 5:00

VOD

Have the link to the VOD?

Description

Time

  • Played on: Nov. 13, 2016, 2:48 p.m.
  • Length: 12:53
Show
View Real Time Build Order
Export as new Build Order

Fropez Protoss - Winner!

Build Orders:  

Get SALT Encoding   

  12  0:05  Probe (Chrono Boost)  
  13  0:15  Probe (Chrono Boost)  
  13  0:20  Pylon  
  14  0:26  Probe (Chrono Boost)  
  15  0:38  Probe (Chrono Boost)  
  15  0:41  Gateway  
  16  0:49  Probe (Chrono Boost)  
  17  0:54  Assimilator  
  17  0:59  Probe (Chrono Boost)  
  18  1:06  Pylon  
  18  1:10  Probe (Chrono Boost)  
  19  1:20  Probe (Chrono Boost)  
  20  1:28  Pylon  
  20  1:34  Pylon  
  20  1:40  Probe (Chrono Boost), Cybernetics Core  
  21  1:53  Probe (Chrono Boost)  
  22  2:02  Nexus  
  22  2:06  Probe (Chrono Boost)  
  23  2:15  Assimilator  
  23  2:17  Mothership Core (Chrono Boost)  
  25  2:25  Adept  
  27  2:35  Probe (Chrono Boost)  
  28  2:46  Probe (Chrono Boost)  
  29  2:52  Gateway, Warp Gate (Chrono Boost)  
  29  2:54  Pylon  
  29  2:56  Adept  
  31  3:08  Twilight Council  
  31  3:12  Probe  
  32  3:14  Probe  
  33  3:23  Stalker  
  33  3:24  Probe  
  36  3:29  Probe  
  37  3:36  Probe  
  37  3:40  Probe  
  38  3:46  Assimilator  
  39  3:52  Probe  
  39  3:53  Gateway x2  
  39  3:55  Probe  
  40  3:57  Resonating Glaives  
  39  4:25  Probe  
  39  4:26  Probe  
  39  4:29  Stalker  
  43  4:42  Pylon  
  47  4:46  Probe  
  47  4:47  Probe  
  47  4:50  Pylon  
  49  4:57  Probe  
  49  4:59  Probe  
  53  5:06  Assimilator  
  45  5:11  Pylon  
  45  5:12  Adept  
  45  5:13  Adept x3  
  53  5:14  Pylon  
  53  5:18  Probe  
  53  5:19  Probe  
  55  5:26  Gateway  
  55  5:39  Robotics Facility  
  55  5:43  Pylon  
  55  5:44  Probe  
  55  5:45  Probe  
  57  5:50  Stalker  
  57  5:51  Stalker x3  
  65  5:58  Probe  
  65  6:02  Probe  
  67  6:15  Probe  
  67  6:16  Probe  
  67  6:18  Forge  
  65  6:43  Protoss Ground Weapons Level 1 (Chrono Boost)  
  65  6:46  Adept x3  
  67  6:48  Adept  
  67  6:51  Warp Prism  
  71  7:00  Nexus  
  71  7:02  Pylon  
  71  7:07  Pylon  
  71  7:08  Probe  
  71  7:10  Pylon  
  71  7:11  Probe  
  73  7:17  Adept x2  
  73  7:18  Adept x2  
  81  7:27  Immortal (Chrono Boost)  
  85  7:40  Probe x2  
  85  7:42  Stalker x2  
  85  7:43  Stalker x2  
  95  7:49  Gateway  
  95  7:53  Photon Cannon  
  95  7:55  Photon Cannon  
  95  7:57  Gateway  
  95  8:00  Gateway  
  95  8:03  Gateway  
  95  8:04  Pylon  
  95  8:06  Assimilator  
  95  8:08  Probe  
  95  8:09  Probe  
  97  8:12  Assimilator  
  97  8:14  Probe  
  97  8:18  Protoss Shields Level 1  
  97  8:19  Immortal (Chrono Boost)  
  102  8:21  Pylon  
  102  8:25  Templar Archives  
  102  8:26  Charge (Chrono Boost)  
  102  8:55  Adept x3  
  106  8:56  Adept x3  
  110  9:19  Stalker x4  
  110  9:20  Stalker x2  
  110  9:21  Immortal  
  110  9:22  Probe x2  
  116  9:53  Adept  
  116  9:54  Adept x3  
  116  9:55  Adept x2  
  116  9:59  Probe x2  
  126  10:14  Stalker x3  
  126  10:15  Stalker x4  
  126  10:17  Immortal (Chrono Boost)  
  126  10:20  Protoss Shields Level 2  
  144  10:23  High Templar x2  
  144  10:27  Probe  
  149  10:37  Photon Cannon  
  149  10:40  Photon Cannon  
  149  10:46  Pylon  
  149  10:47  Pylon  
  149  10:49  Pylon  
  149  11:02  Probe  
  149  11:04  Probe x2  
  149  11:05  Observer (Chrono Boost)  
  149  11:09  Pylon, Archon  
  149  11:10  Pylon  
  150  11:12  Stalker x3  
  150  11:13  Stalker x3  
  138  11:49  Adept x4  
  138  11:50  Adept x4  
  154  12:00  Photon Cannon  
  154  12:04  Photon Cannon  
  154  12:11  Photon Cannon  
  154  12:15  Photon Cannon  
  152  12:25  Photon Cannon  
  152  12:42  Assimilator  
  146  12:45  Assimilator  
  146  12:47  Nexus  
Show
View Real Time Build Order
Export as new Build Order

Rabble Zerg 

Build Orders: Hatch First 

Get SALT Encoding   

  12  0:01  Drone  
  13  0:13  Overlord  
  13  0:18  Drone  
  14  0:25  Extractor, Drone  
  15  0:31  Drone  
  16  0:37  Drone  
  17  0:55  Hatchery  
  16  0:57  Drone  
  16  1:00  Drone  
  16  1:03  Extractor  
  17  1:20  Spawning Pool  
  16  2:07  Queen  
  18  2:09  Queen  
  20  2:16  Hatchery  
  20  2:22  Zergling x2  
  20  2:33  Drone x2  
  20  2:34  Drone x3  
  25  2:43  Overlord  
  25  2:54  Drone x2  
  27  3:04  Queen  
  29  3:05  Drone  
  29  3:12  Drone x2  
  32  3:13  Drone  
  33  3:21  Overlord  
  33  3:28  Roach Warren  
  33  3:33  Metabolic Boost  
  32  3:39  Spine Crawler  
  31  3:44  Spine Crawler  
  31  3:45  Zergling x2  
  31  3:58  Zergling x6  
  31  3:59  Zergling x2  
  31  4:27  Drone x4  
  34  4:34  Drone x4  
  34  4:35  Overlord, Drone  
  39  4:38  Queen  
  41  4:53  Drone x3  
  41  4:54  Extractor, Drone  
  41  4:59  Drone x2  
  46  5:01  Drone x2  
  46  5:05  Overlord  
  48  5:20  Lair  
  48  5:21  Overlord x2  
  48  5:28  Drone  
  48  5:29  Extractor, Drone x2  
  50  5:36  Overlord x2  
  50  5:45  Overlord  
  50  5:47  Roach x2  
  50  5:48  Roach  
  56  5:53  Drone x2  
  58  6:01  Overlord x2  
  58  6:02  Roach  
  60  6:04  Roach  
  60  6:07  Roach  
  63  6:31  Drone  
  63  6:32  Drone  
  60  6:33  Evolution Chamber  
  60  6:36  Evolution Chamber  
  60  6:39  Drone x2  
  57  6:40  Drone x7  
  57  6:41  Drone x2  
  57  6:46  Drone  
  57  6:47  Drone  
  66  6:48  Drone  
  66  6:49  Drone  
  66  6:50  Drone  
  69  6:54  Glial Reconstitution  
  69  7:04  Zerg Ground Armor Level 1  
  69  7:06  Zerg Missile Weapons Level 1  
  69  7:18  Extractor  
  68  7:25  Spine Crawler  
  67  7:30  Spine Crawler  
  67  7:32  Spine Crawler, Spore Crawler  
  67  7:36  Spore Crawler  
  63  7:37  Roach  
  63  7:38  Roach x4  
  63  7:39  Roach  
  75  8:07  Overlord  
  75  8:10  Roach x4  
  75  8:11  Roach x6  
  75  8:12  Roach  
  97  8:42  Drone x5  
  97  8:43  Drone x5  
  92  9:20  Roach x3  
  92  9:21  Roach x7  
  92  9:22  Roach x5  
  115  9:34  Queen  
  114  9:48  Zerg Ground Armor Level 2  
  114  9:50  Zerg Missile Weapons Level 2  
  111  9:55  Hydralisk Den  
  110  10:17  Roach x3  
  110  10:18  Roach x3  
  122  10:22  Overlord x2  
  122  10:23  Overlord  
  122  10:53  Ravager x5  
  122  10:54  Ravager x3  
  122  10:55  Ravager  
  122  10:56  Ravager x3  
  91  11:34  Roach x7  
  91  11:35  Roach x3  
  72  12:01  Hydralisk x4  
  72  12:03  Hydralisk  
  82  12:18  Infestation Pit  
Tags
 
League
GoldGold
Matchup
PvZ
Replay Pack
All Mines
Spawn Locations
Close Positions
Add a new tag
Caveats
  • Supply blocks, unpowered buildings, or Contaminate may cause inaccurate times.
  • Supply counts are checked every 10 seconds.